Map: Pillars of Gold LE

Players

HeroMarine - Winner!

  • Race: Terran Terran
  • League: Master
  • Spawn Location: 7:00

AqueroN

  • Race: Terran Terran
  • League: Grandmaster
  • Spawn Location: 1:00

Event: DreamHack SC2 Masters 2020 Fall

VOD

Have the link to the VOD?

Description

Time

  • Played on: Sept. 5, 2020, 1:55 p.m.
  • Length: 15:51

All games in this series

Show
View Real Time Build Order
Export as new Build Order

HeroMarine Terran - Winner!

Build Orders:  

Get SALT Encoding   

  12  0:00  SCV  
  13  0:12  SCV  
  14  0:17  Supply Depot  
  14  0:24  SCV  
  15  0:39  SCV  
  15  0:40  Barracks  
  16  0:45  Refinery  
  16  0:51  SCV  
  16  0:55  Refinery  
  17  1:03  SCV  
  18  1:15  SCV  
  19  1:27  Reaper, Orbital Command  
  19  1:30  Supply Depot  
  20  1:42  Factory  
  20  1:53  SCV  
  21  1:59  Reaper  
  22  2:05  SCV  
  23  2:17  SCV  
  24  2:26  Command Center  
  24  2:28  Hellion  
  26  2:31  SCV  
  26  2:34  Reaper  
  28  2:39  Supply Depot  
  28  2:44  SCV  
  29  2:49  Hellion  
  31  2:57  Starport  
  31  3:01  SCV  
  32  3:11  Barracks Reactor, Factory Tech Lab  
  32  3:14  SCV  
  32  3:19  Refinery  
  33  3:26  SCV  
  34  3:29  Cyclone  
  34  3:33  Starport Tech Lab  
  37  3:38  SCV  
  38  3:42  Orbital Command  
  38  3:50  SCV  
  39  3:56  Marine x2  
  39  3:57  Raven  
  42  4:04  SCV  
  42  4:07  SCV  
  42  4:09  Siege Tank  
  41  4:14  Marine x2  
  41  4:16  SCV  
  44  4:19  Supply Depot  
  44  4:20  SCV  
  45  4:28  SCV  
  46  4:32  SCV, Marine x2  
  49  4:40  SCV, Raven  
  49  4:43  Siege Tank  
  49  4:44  SCV  
  56  4:46  Supply Depot  
  56  4:49  Marine x2  
  58  4:52  SCV  
  58  4:56  SCV  
  60  5:04  Command Center  
  60  5:06  SCV  
  61  5:08  SCV, Marine x2  
  61  5:12  Refinery  
  61  5:13  Supply Depot  
  64  5:18  Siege Tank  
  64  5:20  SCV  
  68  5:22  SCV  
  69  5:32  SCV, Supply Depot  
  69  5:34  SCV, Raven, Marine x2  
  75  5:44  SCV  
  75  5:46  SCV  
  77  5:54  Siege Tank  
  77  5:56  SCV  
  80  5:57  Marine  
  80  5:58  Marine  
  80  5:59  SCV  
  83  6:07  Barracks  
  83  6:08  SCV, Barracks  
  83  6:11  SCV  
  85  6:16  Engineering Bay  
  85  6:17  Engineering Bay  
  86  6:20  Orbital Command  
  87  6:26  Siege Tank  
  87  6:27  Stimpack  
  87  6:28  Viking x2  
  87  6:31  SCV x2, Marine  
  95  6:43  Supply Depot  
  95  6:44  Supply Depot  
  97  6:49  Marine  
  97  6:51  Terran Infantry Weapons Level 1, Terran Infantry Armor Level 1  
  96  6:54  SCV x2  
  96  6:58  Barracks Reactor, Barracks  
  96  6:59  Barracks Reactor  
  98  7:01  Barracks  
  98  7:04  Viking  
  98  7:06  Viking  
  98  7:07  Marine  
  103  7:11  SCV x2  
  103  7:12  Siege Tank  
  108  7:17  SCV  
  108  7:18  Supply Depot  
  108  7:23  SCV  
  108  7:25  Marine  
  110  7:33  Supply Depot  
  110  7:34  Supply Depot  
  110  7:35  Marine x4  
  114  7:40  Medivac x2  
  114  7:42  Supply Depot, Marine  
  114  7:43  Supply Depot  
  119  7:55  Barracks Reactor, Marine x3  
  119  7:56  Siege Tank  
  119  7:57  Marine  
  126  8:00  Marine  
  126  8:03  Armory  
  127  8:08  Barracks Reactor  
  127  8:12  Marine  
  127  8:13  Marine x2  
  127  8:15  Marine  
  127  8:18  Combat Shield, Marine  
  132  8:23  Medivac x2  
  136  8:30  Missile Turret, Marine x2  
  136  8:31  Marine  
  136  8:32  Marine  
  136  8:33  Marine x2  
  142  8:36  Marine  
  143  8:41  Siege Tank  
  143  8:42  Missile Turret  
  143  8:44  Missile Turret  
  143  8:45  Marine x2  
  143  8:48  Marine x3  
  148  8:50  Marine  
  148  8:51  Marine x2  
  148  8:54  Marine  
  155  9:03  Marine x2  
  157  9:10  Marine  
  157  9:16  Orbital Command  
  157  9:20  SCV, Medivac x2, Marine x3  
  165  9:24  Terran Infantry Armor Level 2, Terran Infantry Weapons Level 2  
  165  9:36  SCV x2  
  165  9:37  Marine x2  
  163  9:47  SCV  
  163  9:48  SCV, Refinery  
  163  9:51  Refinery  
  163  9:52  Sensor Tower  
  165  9:53  SCV  
  165  9:55  Marine x7  
  172  10:00  Siege Tank  
  172  10:04  SCV  
  172  10:05  SCV  
  172  10:06  Marine  
  163  10:08  Barracks Reactor  
  163  10:12  Marine  
  163  10:13  Marine x6  
  128  10:23  Marine  
  128  10:30  Marine x5  
  128  10:32  Siege Tank  
  128  10:35  Marine  
  137  10:41  Terran Vehicle Weapons Level 1  
  133  10:49  Marine  
  133  10:51  Marine  
  132  10:58  Orbital Command  
  132  11:00  Marine x3  
  131  11:05  Siege Tank  
  131  11:08  SCV x2  
  131  11:10  Marine x2  
  119  11:17  Marine  
  108  11:20  Marine x2  
  109  11:30  Medivac x2  
  109  11:31  Factory  
  111  11:37  Siege Tank  
  111  11:38  Marine  
  115  11:40  Marine x2, Sensor Tower  
  115  11:46  Refinery x2  
  117  11:49  Terran Infantry Weapons Level 3  
  117  11:50  Marine x3  
  117  11:51  Marine  
  121  11:55  Marine x3  
  121  11:56  Marine  
  121  11:59  Marine  
  121  12:00  Supply Depot  
  121  12:01  Marine  
  127  12:08  Marine  
  127  12:09  Terran Infantry Armor Level 3  
  127  12:11  Marine x3  
  127  12:13  Marine  
  127  12:14  Siege Tank  
  135  12:22  Marine x3, Siege Tank  
  140  12:24  Marine x2  
  140  12:26  Marine  
  140  12:29  Marine x2  
  146  12:32  Marine x2  
  148  12:40  Marine x3  
  153  12:47  Siege Tank  
  153  12:49  Marine x2  
  161  12:51  Marine  
  161  12:53  Liberator  
  161  12:54  Liberator  
  161  12:56  Marine, Siege Tank  
  161  12:57  Marine  
  168  13:05  Terran Vehicle Weapons Level 2  
  168  13:06  Marine  
  168  13:07  Marine x2  
  168  13:10  Marine x2  
  170  13:14  Marine  
  170  13:15  Marine x3  
  174  13:21  Marine  
  174  13:24  Marine x3  
  178  13:28  Marine  
  178  13:29  Marine  
  178  13:32  Supply Depot, Marine  
  181  13:34  Marine, Siege Tank  
  181  13:41  Viking x2  
  185  13:50  Marine x4  
  185  13:54  Marine x5, Siege Tank  
  197  13:55  Marine  
  195  14:26  Siege Tank  
  195  14:27  Siege Tank  
  194  14:32  Marine  
  194  14:33  Marine x2  
  197  14:42  Marine x4  
  194  14:48  Marine x3  
  194  14:50  Marine x3  
  197  14:59  Siege Tank  
  196  15:00  Marine x4  
  196  15:01  Siege Tank  
  196  15:05  Marine  
  196  15:06  Marine x2  
  167  15:08  Marine x3  
  165  15:18  Marine x4  
  169  15:23  Marine x3  
  169  15:26  Marine x3  
Show
View Real Time Build Order
Export as new Build Order

AqueroN Terran 

Build Orders:  

Get SALT Encoding   

  12  0:00  SCV  
  13  0:12  SCV  
  14  0:18  Supply Depot  
  14  0:24  SCV  
  15  0:32  Refinery  
  15  0:39  SCV  
  16  0:45  Barracks  
  16  0:51  SCV  
  17  0:59  Refinery  
  17  1:03  SCV  
  18  1:15  SCV  
  19  1:31  Orbital Command  
  19  1:32  Reaper  
  20  1:37  Factory  
  20  1:51  Supply Depot  
  20  1:57  SCV  
  21  2:04  Reaper  
  22  2:09  SCV  
  23  2:21  SCV, Hellion  
  26  2:31  Command Center  
  26  2:34  SCV  
  26  2:36  Reaper  
  28  2:43  Hellion  
  30  2:47  Supply Depot  
  30  2:50  SCV  
  31  3:00  Starport  
  31  3:05  Factory Tech Lab  
  31  3:09  SCV, Barracks Reactor  
  32  3:21  SCV  
  32  3:25  Cyclone  
  36  3:33  SCV  
  37  3:35  Refinery  
  37  3:41  Starport Tech Lab  
  36  3:43  Orbital Command  
  36  3:45  SCV  
  37  3:50  Marine x2  
  39  3:57  SCV  
  39  3:58  Siege Tank  
  42  4:09  SCV x2  
  44  4:10  Marine  
  44  4:11  Raven, Marine  
  44  4:16  Supply Depot  
  48  4:22  SCV x2  
  50  4:30  Siege Tank  
  53  4:33  Marine  
  53  4:37  SCV x2, Marine  
  57  4:38  Supply Depot  
  57  4:47  Supply Depot  
  57  4:49  SCV x2  
  57  4:51  Marine  
  60  4:55  Marine  
  60  4:57  Barracks  
  61  5:00  Barracks  
  61  5:06  SCV x2  
  63  5:09  Siege Tank  
  63  5:11  Starport Reactor  
  66  5:16  Supply Depot  
  66  5:18  SCV x2  
  66  5:19  Marine  
  69  5:23  Marine  
  69  5:30  SCV x2  
  71  5:38  Supply Depot  
  71  5:39  Engineering Bay, Marine  
  71  5:40  Marine  
  71  5:42  SCV x2, Siege Tank  
  78  5:46  Stimpack, Marine  
  79  5:53  Starport Reactor  
  74  5:57  SCV x2  
  74  5:58  Marine x4  
  80  6:06  Marine  
  80  6:08  Terran Infantry Weapons Level 1  
  80  6:09  SCV x2  
  82  6:15  Supply Depot, Marine x2  
  82  6:16  Marine x2  
  82  6:17  Siege Tank  
  88  6:24  Marine  
  89  6:28  Supply Depot  
  89  6:31  Medivac x2  
  93  6:33  Marine  
  93  6:37  Supply Depot, Marine x3  
  97  6:40  Supply Depot  
  97  6:42  Marine  
  98  6:51  Marine  
  98  6:53  Siege Tank  
  102  6:54  Marine x2  
  102  6:56  Marine  
  102  7:00  Marine  
  102  7:01  Medivac x2  
  110  7:09  Marine  
  110  7:12  Marine x2  
  110  7:13  Marine  
  114  7:17  Command Center, Marine  
  113  7:25  Combat Shield, Siege Tank  
  113  7:27  Marine  
  113  7:28  Supply Depot  
  117  7:30  Marine x2  
  117  7:31  Marine  
  117  7:35  Marine  
  121  7:44  Marine  
  121  7:48  Marine x2  
  121  7:49  Marine  
  125  7:53  Marine  
  126  8:01  Barracks  
  126  8:02  Marine, Terran Infantry Armor Level 1  
  126  8:05  Barracks  
  125  8:06  Marine x2  
  125  8:07  Marine  
  125  8:10  SCV x2  
  125  8:11  Marine  
  129  8:20  Supply Depot, Marine  
  129  8:21  Supply Depot  
  129  8:24  Marine x2  
  129  8:25  Marine  
  133  8:29  Marine, Siege Tank  
  136  8:35  SCV x2  
  136  8:38  Marine  
  139  8:41  Marine x2  
  139  8:42  Marine  
  139  8:47  SCV x2  
  144  8:54  Marine x3  
  144  9:00  SCV  
  144  9:01  Siege Tank  
  144  9:02  SCV  
  146  9:08  Medivac x2  
  150  9:12  SCV, Marine x2  
  150  9:13  Barracks Reactor  
  150  9:14  SCV, Barracks Reactor  
  154  9:22  Marine x2  
  156  9:24  SCV  
  156  9:26  SCV  
  156  9:27  Marine  
  156  9:30  Orbital Command, Marine  
  159  9:36  SCV  
  159  9:38  SCV  
  161  9:45  Marine x3  
  162  9:48  SCV  
  162  9:50  SCV  
  165  9:52  Supply Depot  
  165  9:53  Supply Depot  
  165  10:03  Siege Tank  
  146  10:13  Marine  
  146  10:14  Marine x2  
  133  10:17  Marine x2  
  133  10:20  Medivac  
  133  10:21  Medivac  
  131  10:24  Marine x4  
  129  10:30  SCV x3  
  129  10:31  Marine x2  
  129  10:32  Marine  
  129  10:35  Marine x2, Siege Tank  
  133  10:41  Marine  
  133  10:42  SCV x3, Marine x3  
  137  10:44  Command Center  
  137  10:49  Marine x2  
  141  10:50  Marine  
  141  10:54  SCV x2  
  141  10:55  Marine x2  
  141  10:59  Marine  
  141  11:03  Marine x3  
  135  11:07  Marine  
  135  11:08  Marine x2, Siege Tank  
  129  11:13  Marine x2  
  129  11:14  SCV x2  
  129  11:15  SCV  
  129  11:17  Marine  
  112  11:21  Marine x3  
  112  11:25  Marine  
  110  11:26  Medivac, Marine  
  110  11:27  Medivac  
  110  11:28  Armory, Engineering Bay  
  110  11:31  Refinery  
  110  11:32  Marine x2  
  117  11:36  Marine x2  
  117  11:38  Marine  
  120  11:43  Marine x3, Sensor Tower  
  123  11:47  Siege Tank  
  126  11:55  Marine x5  
  131  12:02  Marine x4  
  135  12:13  Marine x5  
  140  12:18  Viking  
  140  12:20  Viking, Marine, Siege Tank  
  150  12:25  Terran Infantry Weapons Level 2  
  150  12:27  Terran Infantry Armor Level 2  
  150  12:29  Marine x2  
  150  12:36  Planetary Fortress  
  150  12:40  Marine x3  
  150  12:41  Marine x3  
  156  12:48  SCV x3, Refinery  
  156  12:49  Refinery  
  156  12:51  Refinery, Marine x2  
  161  12:52  Siege Tank  
  161  12:54  Refinery  
  164  12:58  Factory  
  164  13:01  Marine x6  
  169  13:07  Marine  
  169  13:08  Marine  
  170  13:14  Marine  
  170  13:18  Terran Vehicle Weapons Level 1, Viking x2  
  170  13:19  Marine x6  
  181  13:25  Marine  
  182  13:30  Command Center, Marine  
  182  13:32  Marine  
  183  13:34  Siege Tank  
  183  13:36  Marine x2  
  188  13:41  Sensor Tower  
  188  13:48  Viking x2  
  188  13:51  Factory Tech Lab  
  191  14:06  Siege Tank  
  194  14:13  Starport x2  
  194  14:18  Viking  
  196  14:31  Viking  
  194  14:34  Supply Depot  
  194  14:42  Siege Tank  
  194  14:44  Orbital Command  
  194  14:49  Siege Tank  
  197  14:54  Starport Tech Lab x2  
  197  14:55  Viking  
  199  15:04  Marine  
  199  15:05  Marine x3  
  199  15:06  Marine x4  
  199  15:07  Marine  
  169  15:08  Viking  
  169  15:14  Siege Tank  
  175  15:17  Viking x2, Fusion Core  
  179  15:22  Marine x3  
  179  15:23  Marine  
  179  15:24  Marine  
  179  15:27  Marine  
  179  15:28  Marine  

Tags
 
Add a new tag
Caveats
  • Supply blocks, unpowered buildings, or Contaminate may cause inaccurate times.
  • Supply counts are checked every 10 seconds.